 Dungeon Crawl Stone Soup version 0.26-a0-863-g3bff4b215c (webtiles) character file.

Game seed: 16225342358021852128

338 karrick the Chopper (level 6, -2/46 HPs)
             Began as a Demonspawn Gladiator on Nov 26, 2020.
             Was a Follower of Okawaru.
             Killed from afar by an orc wizard (7 damage)
             ... with a magic dart
             ... on level 4 of the Dungeon.
             The game lasted 00:03:21 (2904 turns).

karrick the Chopper (Demonspawn Gladiator)          Turns: 2904, Time: 00:03:22

Health: -2/46      AC:  3    Str: 15    XL:     6   Next: 29%
Magic:  0/6        EV: 17    Int: 11    God:    Okawaru [*.....]
Gold:   132        SH: 13    Dex: 14    Spells: 5/5 levels left

rFire    . . .     SeeInvis .   a - +0 war axe
rCold    . . .     Faith    .   q - +0 buckler
rNeg     . . .     Spirit   +   b - +0 leather armour
rPois    .         Reflect  +   (helmet restricted)
rElec    .         Harm     .   (no cloak)
rCorr    .         Rampage  .   (no gloves)
MR       .....                  (no boots)
Stlth    +.........             v - amulet of reflection
HPRegen  0.15/turn              u - +4 ring of evasion
MPRegen  0.10/turn              (no ring)

@: no status effects
A: horns 2, large bone plates 1, powered by death 1, magic shield
a: Heroism, Renounce Religion


You were on level 4 of the Dungeon.
You worshipped Okawaru.
Okawaru was aware of your devotion.
You visited 1 branch of the dungeon, and saw 4 of its levels.

You collected 132 gold pieces.

Inventory:

Hand Weapons
 a - a +0 war axe (weapon)
Missiles
 d - 3 throwing nets (quivered)
Armour
 b - a +0 leather armour (worn)
 c - a +0 helmet
 q - a +0 buckler (worn)
Jewellery
 f - an uncursed amulet of the acrobat
 u - a +4 ring of evasion (left hand)
 v - an amulet of reflection (around neck)
Scrolls
 e - 5 scrolls of remove curse {unknown}
 g - 4 scrolls of blinking {unknown}
 h - a scroll of teleportation {unknown}
 i - a scroll of fog {unknown}
 j - a scroll of fear {unknown}
 k - a scroll of enchant weapon {unknown}
 m - a scroll of magic mapping {unknown}
 r - 2 scrolls of identify {unknown}
 s - a scroll of random uselessness {unknown}
 t - 2 scrolls of enchant armour {unknown}
 w - a scroll of immolation {unknown}
Potions
 l - a potion of haste {unknown}
 n - a potion of brilliance {unknown}
 o - a potion of lignification {unknown}
 p - a potion of curing {unknown}
 x - a potion of degeneration {unknown}


   Skills:
 + Level 2.6 Fighting
 + Level 4.6 Axes
 + Level 1.9 Throwing
 + Level 1.8 Armour
 + Level 3.9 Dodging
 + Level 0.7 Stealth
 + Level 1.3 Shields


You had 5 spell levels left.
You didn't know any spells.
Your spell library contained the following spells:

 Spells                   Type           Power        Failure   Level
 Magic Dart               Conj           #...         52%         1
 Blink                    Tloc           N/A          67%         2
 Call Imp                 Summ           #.......     67%         2
 Slow                     Hex            #.......     67%         2
 Conjure Flame            Conj/Fire      #.......     88%         3
 Mephitic Cloud           Conj/Pois/Air  #.......     88%         3


Dungeon Overview and Level Annotations

Branches:
Dungeon (4/15)
 Temple: D:4-7

Altars:
Okawaru
Zin


Innate Abilities, Weirdness & Mutations

You have a pair of horns on your head.
You are partially covered in large bone plates. (SH +4)
You regenerate a little health from kills.
When hurt, damage is shared between your health and your magic reserves.


Message History

You block the worker ant's attack.
The orc wizard casts a spell.
The orc wizard blinks!
You block the orc wizard's attack. The worker ant bites you!
* * * LOW HITPOINT WARNING * * *
You hit the worker ant but do no damage.
The worker ant is almost dead.
You hit the orc wizard. You block the worker ant's attack.
You block the orc wizard's attack.
Unknown command.
You closely miss the orc wizard.
The orc wizard is almost dead.
You barely miss the worker ant. You block the worker ant's attack.
The orc wizard gestures at you while chanting.
The magic dart hits you!
* * * LOW HITPOINT WARNING * * *
A worker ant comes into view.
The orc wizard casts a spell at you. The magic dart hits you!
You die...

...............##
...#............#
...............
###B..........#
##.##.........##
...............#
#.)...).[....# .
#.....).o...##
#.###.......B@...##
.....................
..............###....
..........o##.##. ...
.......#....#... #.
............#.##.
#.....##.......# ..
.......#.......###.
..................


You could see 2 worker ants and 2 orc wizards.

Vanquished Creatures
  Sigmund (D:4)
  2 worker ants (D:4)
  4 gnolls (D:3)
  An ufetubus (D:3)
  An ooze (D:1)
  A worm (D:2)
  4 dart slugs
  A leopard gecko (D:1)
  7 orcs
  2 ball pythons
  5 giant cockroaches
  2 goblins
  6 hobgoblins
  7 bats
  4 frilled lizards
  6 kobolds
  5 rats
59 creatures vanquished.

Notes
Turn   | Place    | Note
-------+----------+-------------------------------------------
     0 | D:1      | karrick the Demonspawn Gladiator began the quest for the
                  | Orb.
     0 | D:1      | Reached XP level 1. HP: 16/16 MP: 1/1
   385 | D:1      | Gained mutation: You are partially covered in large bone
                  | plates. (SH +4) [demonic ancestry]
   385 | D:1      | Reached XP level 2. HP: 18/22 MP: 2/2
   630 | D:1      | Reached skill level 3 in Axes
   893 | D:1      | Gained mutation: You regenerate a little health from kills.
                  | [demonic ancestry]
   893 | D:1      | Reached XP level 3. HP: 26/27 MP: 3/3
  2156 | D:3      | Found a glowing silver altar of Zin.
  2249 | D:3      | Found an iron altar of Okawaru.
  2275 | D:3      | Became a worshipper of Warmaster Okawaru
  2333 | D:3      | Gained mutation: When hurt, damage is shared between your
                  | health and your magic reserves. [demonic ancestry]
  2333 | D:3      | Reached XP level 4. HP: 23/33 MP: 4/4
  2744 | D:4      | Noticed Sigmund
  2799 | D:4      | Killed Sigmund
  2799 | D:4      | Reached * piety under Okawaru
  2800 | D:4      | Reached skill level 4 in Axes
  2800 | D:4      | Reached skill level 1 in Armour
  2800 | D:4      | Reached skill level 1 in Shields
  2800 | D:4      | Gained mutation: You have a pair of small horns on your
                  | head. [demonic ancestry]
  2800 | D:4      | Reached XP level 5. HP: 32/39 MP: 5/5
  2800 | D:4      | Gained mutation: You have a pair of horns on your head.
                  | [demonic ancestry]
  2800 | D:4      | Reached XP level 6. HP: 38/46 MP: 6/6
  2904 | D:4      | Killed from afar by an orc wizard

Illustrated notes

Levels and vault maps discovered:
D:1:      dpeg_arrival_tiny_f, layout_loops_ring
D:2:      layout_basic, nrook_loot_triangle, chequers_serial_rivers_room_a,
          st_stairs_4, kennysheep_crisscross
D:3:      layout_rooms, old_standard_altar, old_standard_altar
D:4:      layout_cave_pools, minmay_temple_entry_nine_rooms,
          minmay_a_box_with_orc_wizards_in_it, uniq_sigmund

Skill      XL: |  1  2  3  4 |
---------------+-------------+-----
Dodging        | 3 |  3.9
Axes           | 3 4 |  4.6
Armour         | 1 |  1.8
Shields        | 1 |  1.3
Fighting       | |  2.6
Throwing       | |  1.9
Stealth        | |  0.7

Action                   |  1- 3 |  4- 6 || total
-------------------------+-------+-------++-------
Melee: War axe           |   133 |    61 ||   194
       Headbutt          |       |     1 ||     1
 Stab: Sleeping          |     4 |       ||     4
Armor: Leather armour    |    27 |    11 ||    38
Dodge: Dodged            |    92 |    72 ||   164
Block: Other             |     9 |       ||     9
       Buckler           |    14 |    44 ||    58

Table legend: (Time is in decaauts)
 A = Elapsed time spent in this place.
 B = Non-inter-level travel time spent in this place.
 C = Inter-level travel time spent in this place.
 D = Time resting spent in this place.
 E = Time spent auto-exploring this place.
 F = Levels seen in this place.
 G = Mean time per level.
                   A        B        C        D        E       F      G
               +--------+--------+--------+--------+--------+-----+--------+
         Total |   2972 |   2855 |    117 |    467 |   1870 |   4 |  743.0 |
       Dungeon |   2972 |   2855 |    117 |    467 |   1870 |   4 |  743.0 |
               +--------+--------+--------+--------+--------+-----+--------+

Top non-repeatable levels by time:
     D:1: 1074 daAuts
     D:2: 942 daAuts
     D:3: 810 daAuts
     D:4: 145 daAuts
